 Dungeon Crawl Stone Soup version 0.32-a0-768-g0f6f1dd4b9 (webtiles) character file.

Game seed: 11029233039203769684

64 Xavori the Trooper (level 4, -1/38 HPs)
             Began as a Djinni Chaos Knight on Mar 18, 2024.
             Was a Plaything of Xom.
             Slain by a goblin
             ... wielding a +0 dagger
             ... led by Robin
              (5 damage)
             ... on level 2 of the Dungeon.
             The game lasted 00:01:24 (7635 turns).

Xavori the Trooper (Djinni Chaos Knight)            Turns: 7635, Time: 00:01:25

Health: -1/38      AC:  7    Str: 19    XL:     4   Next: 32%
Gold:   112        EV: 11    Int: 12    God:    Xom [*.....] SH:  0 Dex: 10

rFire   + + .        a - +0 falchion (chaos)
rCold   x . .        (no shield)
rNeg    . . .        b - +2 leather armour
rPois   ∞            (no helmet)
rElec   .            (no cloak)
rCorr   .            (no gloves)
SInv    .            (boots unavailable)
Will    +....        (no amulet)
Stlth   +            g - ring of willpower
HPRegen 0.26/turn    (no ring)
MPRegen 0.00/turn

%: infuse magic (-2 HP)
@: flying
A: sickness immunity, fire resistance 2, cold vulnerability 1, float, innate
caster, HP casting, extra vitality 1, claws 1, iridescent scales 1, clumsy 1,
robust 1, screaming 1, strong 2, subdued magic 1
a: Renounce Religion


You were on level 2 of the Dungeon.
You worshipped Xom.
You were a special plaything of Xom.
You visited 1 branch of the dungeon, and saw 2 of its levels.

You collected 112 gold pieces.

Inventory:

Hand Weapons
 a - a +0 falchion of chaos (weapon)
Armour
 b - a +2 leather armour (worn)
Jewellery
 g - a ring of willpower (left claw)
Wands
 i - a wand of digging (8)
 l - a wand of polymorph (3)
Scrolls
 c - a scroll of butterflies
 d - a scroll of enchant weapon {unknown}
 h - a scroll of acquirement {unknown}
 j - 2 scrolls of identify {unknown}
 n - a scroll of vulnerability {unknown}
Potions
 e - a potion of curing {unknown}
 f - a potion of attraction {unknown}
 k - a potion of enlightenment
 m - a potion of invisibility {unknown}


   Skills:
 + Level 3.3 Fighting
 + Level 3.0 Long Blades
 + Level 1.6 Armour
 + Level 2.7 Dodging
 * Level 1.4 Spellcasting
 * Level 1.4 Conjurations
 * Level 1.4 Hexes
   Level 0.0 Charms
 * Level 1.4 Summonings
 * Level 1.4 Necromancy
 * Level 1.4 Translocations
   Level 0.0 Transmutations
 * Level 1.4 Fire Magic
 * Level 1.4 Ice Magic
 * Level 1.4 Air Magic
 * Level 1.4 Earth Magic
 * Level 1.4 Alchemy


You knew the following spells:

 Your Spells              Type           Power      Damage    Failure   Level
a - Slow                  Hex            12%        N/A       16%         1
Your spell library was empty.

Dungeon Overview and Level Annotations

Branches:
Dungeon (2/15)

Altars:
Xom


Innate Abilities, Weirdness & Mutations

You are immune to sickness and miasma.
You are immune to poison.
Your flesh is very heat resistant. (rF++)
You are vulnerable to cold. (rC-)
You float through the air rather than walking.
You learn spells naturally, not from books.
Your magical power is your life essence.
You have superior vitality. (+4 MHP)
You have sharp fingernails.
You are partially covered in iridescent scales. (AC +2)
You are clumsy. (Dex -2)
You are robust. (+10% HP)
You occasionally shout uncontrollably at your foes.
Your muscles are very strong. (Str +8, Int/Dex -2)
Your spells are a little easier to cast, but a little less powerful.


Message History

You are too injured to fight recklessly!
You barely miss Robin.
Robin is heavily wounded.
The goblin hits you but does no damage. The goblin barely misses you.
You barely miss Robin.
Robin is heavily wounded.
The goblin hits you but does no damage.
Robin hits you with a +1 spear of freezing.
Robin freezes you. The goblin hits you but does no damage.
Unknown command.
You hit Robin.
Robin is heavily wounded.
The goblin hits you but does no damage. The goblin closely misses you.
You closely miss Robin.
Robin is heavily wounded.
The goblin closely misses you.
Robin says, "My army is invincible!"
The goblin barely misses you.
Unknown command.
You closely miss Robin.
Robin is heavily wounded.
The goblin closely misses you.
Robin hits you with a +1 spear of freezing.
* * * LOW HITPOINT WARNING * * *
Robin freezes you.
* * * LOW HITPOINT WARNING * * *
The goblin closely misses you.
You hit Robin.
Robin is severely wounded.
The goblin hits you with a +0 dagger.
* * * LOW HITPOINT WARNING * * *
The goblin hits you but does no damage. The goblin closely misses you.
The goblin hits you with a +0 dagger.
* * * LOW HITPOINT WARNING * * *
You hit Robin. You freeze Robin.
You kill Robin!
The goblin hits you but does no damage. The goblin barely misses you.
You closely miss the goblin.
The goblin hits you but does no damage. x2
The goblin hits you with a +0 dagger.
You die...

##.##.#
######..##.#
.....#.....#
####.#.#####.#
...#.........#
##...#.#######
####.#############
.............).gg#
################@#
#g# #g#


gg# #g# >.. ##. . You could see 3 hobgoblins and 4 goblins.

Vanquished Creatures
  Robin (D:2)
  2 adders (D:2)
  An orc (D:2)
  A ball python (D:2)
  3 bats
  3 endoplasms
  A giant cockroach (D:1)
  5 goblins
  5 hobgoblins
  2 jackals (D:2)
  A quokka (D:1)
  A frilled lizard (D:1)
  4 kobolds
30 creatures vanquished.

Notes
Turn   | Place    | Note
-------+----------+-------------------------------------------
     0 | D:1      | Xavori the Djinni Chaos Knight began the quest for the Orb.
     0 | D:1      | Reached XP level 1. HP: 20/20 MP: 0/0
    92 | D:1      | Reached XP level 2. HP: 25/25 MP: 0/0
   319 | D:1      | XOM: potion effect (berserk rage)
   384 | D:1      | XOM: god gift: wand of digging (8)
   910 | D:1      | XOM: give mutations
   910 | D:1      | Gained mutation: Your muscles are strong. (Str +4, Int/Dex
                  | -1) [Xom's grace]
   910 | D:1      | Gained mutation: You have sharp fingernails. [Xom's grace]
   910 | D:1      | Gained mutation: Your muscles are very strong. (Str +8,
                  | Int/Dex -2) [Xom's grace]
  1470 | D:1      | XOM: god gift: 27 gold pieces
  1682 | D:1      | XOM: give mutation
  1849 | D:1      | XOM: silly message
  2492 | D:1      | XOM: silly message
  2598 | D:1      | XOM: summons 1 hostile shadow creature
  2989 | D:1      | XOM: give mutations
  2989 | D:1      | Gained mutation: Your health recovers twice as slowly from
                  | being drained. [Xom's mischief]
  2989 | D:1      | Gained mutation: You are robust. (+10% HP) [Xom's mischief]
  2989 | D:1      | Gained mutation: Your spells are a little easier to cast,
                  | but a little less powerful. [Xom's mischief]
  3002 | D:2      | Reached skill level 1 in Spellcasting
  3002 | D:2      | Reached skill level 1 in Conjurations
  3002 | D:2      | Reached skill level 1 in Hexes
  3002 | D:2      | Reached skill level 1 in Summonings
  3002 | D:2      | Reached skill level 1 in Necromancy
  3002 | D:2      | Reached skill level 1 in Translocations
  3002 | D:2      | Reached skill level 1 in Fire Magic
  3002 | D:2      | Reached skill level 1 in Ice Magic
  3002 | D:2      | Reached skill level 1 in Air Magic
  3002 | D:2      | Reached skill level 1 in Earth Magic
  3002 | D:2      | Reached skill level 1 in Alchemy
  3002 | D:2      | Reached XP level 3. HP: 25/33 MP: 0/0
  3002 | D:2      | Learned a level 1 spell: Slow
  3621 | D:1      | XOM: give mutations
  3621 | D:1      | Gained mutation: You occasionally shout uncontrollably at
                  | your foes. [Xom's mischief]
  3621 | D:1      | Gained mutation: You are clumsy. (Dex -2) [Xom's mischief]
  3669 | D:1      | XOM: noise
  5886 | D:1      | XOM: summons 1 hostile demon
  6460 | D:2      | XOM: give mutations
  6460 | D:2      | Lost mutation: You are robust. (+10% HP) [Xom's mischief]
  6460 | D:2      | Lost mutation: Your muscles are very strong. (Str +8,
                  | Int/Dex -2) [Xom's mischief]
  6460 | D:2      | Lost mutation: Your health recovers twice as slowly from
                  | being drained. [Xom's mischief]
  6460 | D:2      | Lost mutation: Your muscles are strong. (Str +4, Int/Dex
                  | -1) [Xom's mischief]
  6601 | D:1      | XOM: cloud trail
  6626 | D:1      | XOM: divination: detect items
  6883 | D:1      | XOM: god gift: clear potion {god gift}
  6933 | D:1      | XOM: give mutations
  6933 | D:1      | Gained mutation: Your muscles are strong. (Str +4, Int/Dex
                  | -1) [Xom's grace]
  6933 | D:1      | Gained mutation: You are robust. (+10% HP) [Xom's grace]
  6933 | D:1      | Gained mutation: You are partially covered in iridescent
                  | scales. (AC +2) [Xom's grace]
  6933 | D:1      | Gained mutation: Your muscles are very strong. (Str +8,
                  | Int/Dex -2) [Xom's grace]
  7043 | D:1      | XOM is BORED!
  7043 | D:1      | XOM: noise
  7101 | D:1      | XOM: summons 2 hostile demons
  7190 | D:2      | XOM: 6-stop teleportation journey
  7326 | D:2      | XOM: god gift: dagger {god gift}
  7509 | D:2      | Reached XP level 4. HP: 38/38 MP: 0/0
  7540 | D:2      | XOM: scenery: create altars
  7616 | D:2      | Identified the +3 helmet "Nos Ufoq" {rF- rN+ Will+ Str+3}
  7616 | D:2      | Noticed Robin
  7634 | D:2      | Killed Robin
  7635 | D:2      | Slain by a goblin

Illustrated notes

Levels and vault maps discovered:
D:1:      minmay_arrival_open_corners, layout_rooms
D:2:      layout_basic, uniq_robin

Skill      XL: |  1  2  3 |
---------------+----------+-----
Spellcasting   | 1 |  1.4
Conjurations   | 1 |  1.4
Hexes          | 1 |  1.4
Summonings     | 1 |  1.4
Necromancy     | 1 |  1.4
Translocations | 1 |  1.4
Fire Magic     | 1 |  1.4
Ice Magic      | 1 |  1.4
Air Magic      | 1 |  1.4
Earth Magic    | 1 |  1.4
Alchemy        | 1 |  1.4
Long Blades    | 3 |  3.0
Fighting       | |  3.3
Armour         | |  1.6
Dodging        | |  2.7

Action                     |  1- 3 |  4- 6 || total
---------------------------+-------+-------++-------
  Melee: Falchion          |    75 |    20 ||    95
    Use: Potion            |     1 |       ||     1
   Stab: Distracted        |     1 |       ||     1
 Armour: Leather armour    |    42 |    27 ||    69
  Dodge: Dodged            |    49 |    11 ||    60

Table legend: (Time is in decaauts)
 A = Elapsed time spent in this place.
 B = Non-inter-level travel time spent in this place.
 C = Inter-level travel time spent in this place.
 D = Time resting spent in this place.
 E = Time spent auto-exploring this place.
 F = Levels seen in this place.
 G = Mean time per level.
                   A        B        C        D        E       F      G
               +--------+--------+--------+--------+--------+-----+--------+
         Total |   7659 |   7640 |     19 |   6650 |    762 |   2 | 3829.5 |
       Dungeon |   7659 |   7640 |     19 |   6650 |    762 |   2 | 3829.5 |
               +--------+--------+--------+--------+--------+-----+--------+

Top non-repeatable levels by time:
     D:1: 6250 daAuts
     D:2: 1408 daAuts
